 Dungeon Crawl Stone Soup version 0.31.0-9-g3a7656b989 (webtiles) character file.

Game seed: 4214867168089139491

108 qw the Shooter (level 4, -4/23 HPs)
             Began as a Spriggan Hunter on Feb 2, 2024.
             Slain by a bullfrog (5 damage)
             ... in a sewer.
             The game lasted 00:00:07 (1794 turns).

qw the Shooter (Spriggan Hunter)                    Turns: 1794, Time: 00:00:08

Health: -4/23      AC:  2    Str:  7    XL:     4   Next: 58%
Magic:  5/5        EV: 20    Int: 10    God:
Gold:   147        SH:  0    Dex: 20    Spells: 3/3 levels left

rFire   . . .        a - +0 shortbow
rCold   . . .        (shield currently unavailable)
rNeg    . . .        c - +0 robe
rPois   .            (helmet restricted)
rElec   .            (no cloak)
rCorr   .            (gloves unavailable)
SInv    +            (boots unavailable)
Will    .....        (no amulet)
Stlth   ++           (no ring)
HPRegen 0.23/turn    (no ring)
MPRegen 0.09/turn

%: no passive effects
@: about to teleport, very quick
A: very small, no large weapons, unfitting armour, see invisible, speed 3
a: no special abilities


You were in a sewer.
You visited 1 branch of the dungeon, and saw 3 of its levels.
You also visited: Sewer.

You collected 147 gold pieces.


Innate Abilities, Weirdness & Mutations

You are very small and have problems with some larger weapons.
You are too small for most types of armour.
You have supernaturally acute eyesight. (SInv)
You cover ground extremely quickly. (Speed+++)


   Skills:
 + Level 1.7 Fighting
 - Level 5.0 Ranged Weapons
 - Level 5.0 Dodging
 - Level 1.5 Stealth


You had 3 spell levels left.
You didn't know any spells.
Your spell library was empty.

Inventory:

Hand Weapons
 a - a +0 shortbow (weapon)
Armour
 c - a +0 robe (worn)
Potions
 g - a potion of curing
 j - a potion of invisibility {unknown}

Dungeon Overview and Level Annotations

Branches:
Dungeon (3/15)              Sewer (1/1)

Altars:


Message History

You enter the shallow water.
Moving in this stuff is going to be slow.
A dart slug comes into view.
You shoot an arrow. The arrow hits the dart slug.
The dart slug is lightly wounded.
You shoot an arrow. The arrow hits the dart slug.
The dart slug is heavily wounded.
You shoot an arrow. The arrow hits the dart slug.
You kill the dart slug!
You shoot an arrow. The arrow hits the giant cockroach!
You kill the giant cockroach!
A bullfrog comes into view.
You see here a potion of curing.
You shoot an arrow. The arrow hits the bullfrog.
The bullfrog croaks.
The bullfrog is lightly wounded.
A bullfrog comes into view.
You shoot an arrow.
The arrow closely misses the bullfrog. x2
The bullfrog gives a loud, deep croak!
You shoot an arrow. The arrow barely misses the bullfrog.
The arrow hits the bullfrog.
The bullfrog is lightly wounded.
The bullfrog closely misses you.
You shoot an arrow. The arrow hits the bullfrog!
The bullfrog is moderately wounded.
The bullfrog closely misses you. The bullfrog barely misses you.
The bullfrog hits you but does no damage.
You shoot an arrow. The arrow hits the bullfrog.
The bullfrog is heavily wounded.
The bullfrog hits you. The bullfrog misses you.
The bullfrog completely misses you. The bullfrog hits you!
You shoot an arrow. The arrow hits the bullfrog.
The bullfrog is severely wounded.
The bullfrog hits you. The bullfrog closely misses you.
The bullfrog completely misses you.
1794 ||| READING scroll of teleportation.
As you read the scroll of teleportation, it crumbles to dust.
You feel strangely unstable. The bullfrog closely misses you.
The bullfrog hits you. x2
You die...

#~# ##~~~~~~~~~.~~~.#
#~# #~~~~~~~~~~~~~~.#
#~# ##~~~~~~~~~~~~~~.#
#~# #~~~.~~~~~~~~~~~.#
#.# #~~\.~.~~%~~~~~~.#
#.# ##~~~.~..~~~~~~~~%#
#.# #~~~~~...~~~~~~~~.#
#.# #~~~~~~~..~~~~~~~.#
### #.#
#~~~~~?@~.~~~~~~~.# #.#
#.# #~~~~.FF?~~~~~~~~.#
#\# #.#
#~~~~~.=.~~~~~~~~.# #.#
#.# #~~~~~~.~~~~~.~~~.#
#\# #.#
##~~~~.~~~~~~.~~~.# #.#
#.# #~~~~~~~~~~~.~~~.#
#.# #.#
#~~~~~~~~~~~.~~~.###%##
#.#
##~~~~~~~~~#.~~~.##.%.#
#.# ~~~~~~~#.~~~.##~~~#


You could see 2 bullfrogs.

Vanquished Creatures
  2 adders
  8 dart slugs (Sewer)
  A ribbon worm (D:3)
  8 ball pythons
  5 bats
  8 endoplasms
  10 giant cockroaches
  4 goblins
  2 hobgoblins
  2 jackals (D:1)
  A quokka (D:1)
  8 frilled lizards (Sewer)
  3 kobolds (D:2)
  6 rats
68 creatures vanquished.

Notes
Turn   | Place    | Note
-------+----------+-------------------------------------------
     0 | D:1      | qw the Spriggan Hunter began the quest for the Orb.
     0 | D:1      | Reached XP level 1. HP: 10/10 MP: 2/2
     0 | D:1      | 0 ||| qw: Version: 0.3-a-155-g5e7d8dd
     0 | D:1      | 0 ||| qw: Game counter: 1574
     0 | D:1      | 0 ||| qw: Melee chars always use a shield: true
     0 | D:1      | 0 ||| qw: God list: Okawaru
     0 | D:1      | 0 ||| qw: Allow faded altars: false
     0 | D:1      | 0 ||| qw: Do Orc after clearing Dungeon:15 true
     0 | D:1      | 0 ||| qw: Do second Lair branch before Depths: true
     0 | D:1      | 0 ||| qw: Lair rune preference: random
     0 | D:1      | 0 ||| qw: Goals: Normal
     0 | D:1      | 0 ||| PLANNING D:1-11
    53 | D:1      | Reached skill level 3 in Dodging
    97 | D:1      | Reached XP level 2. HP: 14/14 MP: 3/3
   532 | D:1      | 532 ||| READING 2 scrolls labelled ENUGUBLOCIB.
   536 | D:1      | 536 ||| READING scroll labelled VIFIWI TUCEPSO.
   637 | D:1      | 637 ||| DROPPING scroll of butterflies.
   730 | D:2      | Reached XP level 3. HP: 18/18 MP: 4/4
  1414 | D:2      | 1414 ||| READING scroll labelled AGIKHL SELE.
  1415 | D:2      | 1415 ||| READING 3 scrolls labelled AJUTU OMYDWED.
  1416 | D:2      | 1416 ||| READING scroll labelled MICWEN KIVE.
  1417 | D:2      | 1417 ||| READING 2 scrolls labelled CONOLO NIAKKYIQE.
  1417 | D:2      | 1417 ||| IDENTIFYING brown potion
  1418 | D:2      | 1418 ||| READING scroll of identify.
  1418 | D:2      | 1418 ||| IDENTIFYING fuming puce potion
  1419 | D:2      | 1419 ||| DROPPING potion of brilliance.
  1420 | D:2      | 1420 ||| DROPPING 2 scrolls of noise.
  1435 | D:3      | 1435 ||| PLANNING SEWER
  1471 | D:3      | Found a glowing drain.
  1537 | Sewer    | Entered a sewer
  1568 | Sewer    | Reached XP level 4. HP: 18/22 MP: 5/5
  1787 | Sewer    | Noticed a bullfrog
  1788 | Sewer    | Noticed a bullfrog
  1793 | Sewer    | HP: 5/23 [bullfrog (5)]
  1794 | Sewer    | 1794 ||| READING scroll of teleportation.
  1794 | Sewer    | HP: 1/23 [bullfrog (4)]
  1794 | Sewer    | Slain by a bullfrog

Levels and vault maps discovered:
D:1:      dpeg_arrival_rooms_with_view, layout_basic
D:2:      layout_basic
D:3:      layout_loops_cross, portal_sewer_entry_c, feat_on_display
Sewer:    sewer_frog_island_01

Skill      XL: |  1  2  3  4 |
---------------+-------------+-----
Dodging        | 3 4 5 |  5.0
Ranged Weapons | 5 |  5.0
Fighting       | |  1.7
Stealth        | |  1.5

Action                     |  1- 3 |  4- 6 || total
---------------------------+-------+-------++-------
   Fire: Shortbow          |   133 |    52 ||   185
    Use: Scroll            |     7 |     1 ||     8
 Armour: Robe              |    12 |     8 ||    20
  Dodge: Dodged            |    37 |    12 ||    49

Table legend:
 A = Non-vault XP
 B = Vault XP
 C = Vault XP percentage of total XP
 D = Non-vault monster count
 E = Vault monster count
 F = Vault count percentage of total count
                 A         B        C        D         E       F
            +---------+---------+-------+---------+---------+-------
      Total |      74 |      81 |  52.3 |      36 |      32 |  47.1
            +---------+---------+-------+---------+---------+-------
        D:1 |      32 |       4 |  11.1 |      18 |       2 |  10.0
        D:2 |      38 |       0 |   0.0 |      16 |       0 |   0.0
        D:3 |       4 |       6 |  60.0 |       2 |       3 |  60.0
      Sewer |       0 |      71 | 100.0 |       0 |      27 | 100.0
            +---------+---------+-------+---------+---------+-------
